NCAA
MISSISSIPPI REBELS @ MISSISSIPPI STATE BULLDOGS
02/02/1972
 
TOP OF THE 1ST
Mississippi Rebels batting - Pitching for Mississippi State Bulldogs : RHP Chris Nutter
Pitching: RHP Chris Nutter
Batting: RHB Adam Anderson 0-0: SINGLE (Groundball, 6S) (infield hit)
Batting: LHB Kody Hall 0-0: Ball
1-0: Ball
2-0: Swinging Strike
2-1: Foul Ball, location: 2F
2-2: Ball
3-2: Base on Balls
Adam Anderson to second
Batting: RHB Jermaine Stephens 0-0: Ball
1-0: Fly out, F8 (Line Drive, 8LD)
Batting: SHB Matt Hahn 0-0: Called Strike
0-1: Swinging Strike
0-2: Foul Ball, location: 2F
0-2: Foul Ball, location: 2F
0-2: Fly out, F8 (Line Drive, 78M)
Batting: RHB Travis Jones 0-0: Ball
1-0: Called Strike
1-1: Ground out 1-3 (Groundball, 13S)
Top of the 1st over - 0 runs, 1 hit, 0 errors, 2 left on base; Mississippi 0 - Mississippi State 0
BOTTOM OF THE 1ST
Mississippi State Bulldogs batting - Pitching for Mississippi Rebels : RHP Steve Manning
Pitching: RHP Steve Manning
Batting: RHB Mike Sizemore 0-0: Fly out, F7 (Line Drive, 7D)
Batting: LHB Jeremy Cook 0-0: Ball
1-0: Ground out U3 (Groundball, 3L)
Batting: LHB Warren Jacobus 0-0: Called Strike
0-1: Called Strike
0-2: Ball
1-2: Strikes out looking
Bottom of the 1st over - 0 runs, 0 hits, 0 errors, 0 left on base; Mississippi 0 - Mississippi State 0
TOP OF THE 2ND
Mississippi Rebels batting - Pitching for Mississippi State Bulldogs : RHP Chris Nutter
Batting: LHB Ryan Nicholson 0-0: Foul Ball, location: 2F
0-1: Fly out, F8 (Line Drive, 8RD)
Batting: RHB Nate Clark 0-0: Foul Ball, location: 2F
0-1: Swinging Strike
0-2: Ball
1-2: Ball
2-2: Foul Ball, location: 2F
2-2: Strikes out swinging
Batting: RHB Greg Horner 0-0: Called Strike
0-1: Ball
1-1: Swinging Strike
1-2: Ball
2-2: Foul Ball, location: 2F
2-2: Strikes out swinging, 2-3 out at first.
Top of the 2nd over - 0 runs, 0 hits, 0 errors, 0 left on base; Mississippi 0 - Mississippi State 0
BOTTOM OF THE 2ND
Mississippi State Bulldogs batting - Pitching for Mississippi Rebels : RHP Steve Manning
Batting: RHB Tim Flynn 0-0: Swinging Strike
0-1: Fly out, F4 (Line Drive, 4M)
Batting: LHB Ron Callaway 0-0: Called Strike
0-1: Ball
1-1: Ball
2-1: Fly out, F6 (Popup, 6M)
Batting: LHB Scott Slavik 0-0: Ball
1-0: Called Strike
1-1: Ball
2-1: Ball
3-1: Foul Ball, location: 2F
3-2: Base on Balls
Batting: RHB Jared French 0-0: Ball
Wild Pitch!
Scott Slavik to second
1-0: Called Strike
1-1: Ground out 1-3 (Groundball, 13)
Bottom of the 2nd over - 0 runs, 0 hits, 0 errors, 1 left on base; Mississippi 0 - Mississippi State 0
TOP OF THE 3RD
Mississippi Rebels batting - Pitching for Mississippi State Bulldogs : RHP Chris Nutter
Batting: RHB Dave Elliott 0-0: Ball
1-0: Foul Ball, location: 2F
1-1: Ground out 6-3 (Groundball, 6D)
Batting: RHB Adam Anderson 0-0: Ball
1-0: Ball
2-0: Called Strike
2-1: DOUBLE (Line Drive, 78XD)
Batting: LHB Kody Hall 0-0: Ball
1-0: SINGLE (Groundball, 56D)
Adam Anderson to third
Runner from 3rd tries for Home, SAFE, no throw
Batting: RHB Jermaine Stephens 0-0: Ball
1-0: Grounds into double play, 6-4-3 (Groundball, 6)
Top of the 3rd over - 1 run, 2 hits, 0 errors, 0 left on base; Mississippi 1 - Mississippi State 0
BOTTOM OF THE 3RD
Mississippi State Bulldogs batting - Pitching for Mississippi Rebels : RHP Steve Manning
Batting: RHB Phil Neaves 0-0: Ball
1-0: Called Strike
1-1: Ball
2-1: Ground out 4-3 (Groundball, 34)
Batting: RHB Norman Hudson 0-0: Foul Ball, location: 2F
0-1: Swinging Strike
0-2: Ball
1-2: Ball
2-2: SINGLE (Groundball, 4D)
Batting: RHB Mike Sizemore 0-0: Fly out, F9 (Flyball, 9D)
Batting: LHB Jeremy Cook 0-0: Ball
Norman Hudson steals 2nd base
1-0: Ball
2-0: Called Strike
2-1: Fly out, F8 (Flyball, 78M)
Bottom of the 3rd over - 0 runs, 1 hit, 0 errors, 1 left on base; Mississippi 1 - Mississippi State 0
TOP OF THE 4TH
Mississippi Rebels batting - Pitching for Mississippi State Bulldogs : RHP Chris Nutter
Batting: SHB Matt Hahn 0-0: Called Strike
0-1: Ball
1-1: Foul Ball, location: 2F
1-2: Ground out 5-3 (Groundball, 56)
Batting: RHB Travis Jones 0-0: Fly out, F8 (Flyball, 8RM)
Batting: LHB Ryan Nicholson 0-0: Ball
1-0: Ball
2-0: Ball
3-0: Called Strike
3-1: Foul Ball, location: 2F
3-2: Foul Ball, location: 2F
3-2: Fly out, F4 (Line Drive, 4M)
Top of the 4th over - 0 runs, 0 hits, 0 errors, 0 left on base; Mississippi 1 - Mississippi State 0
BOTTOM OF THE 4TH
Mississippi State Bulldogs batting - Pitching for Mississippi Rebels : RHP Steve Manning
Batting: LHB Warren Jacobus 0-0: Ball
1-0: Foul Ball, location: 2F
1-1: Ball
2-1: Foul Ball, location: 2F
2-2: Ball
3-2: DOUBLE (Flyball, 8LD)
Batting: RHB Tim Flynn 0-0: Fly out, F9 (Flyball, 89S)
Batting: LHB Ron Callaway 0-0: Ball
Wild Pitch!
Warren Jacobus to third
1-0: Ball
2-0: DOUBLE (Line Drive, 89M)
Warren Jacobus scores
Batting: LHB Scott Slavik 0-0: Foul Ball, location: 2F
0-1: Foul Ball, location: 2F
0-2: Foul Ball, location: 2F
0-2: Ground out 4-3 (Groundball, 34D)
Ron Callaway to third
Batting: RHB Jared French 0-0: Fly out, F9 (Flyball, 89D)
Bottom of the 4th over - 1 run, 2 hits, 0 errors, 1 left on base; Mississippi 1 - Mississippi State 1
TOP OF THE 5TH
Mississippi Rebels batting - Pitching for Mississippi State Bulldogs : RHP Chris Nutter
Batting: RHB Nate Clark 0-0: Ball
1-0: Ball
2-0: Called Strike
2-1: SOLO HOME RUN (Flyball, 7D), Distance : 396 ft
Batting: RHB Greg Horner 0-0: Swinging Strike
0-1: Fly out, F8 (Flyball, 8RM)
Batting: RHB Dave Elliott 0-0: Ground out 6-3 (Groundball, 6D)
Batting: RHB Adam Anderson 0-0: Ball
1-0: Swinging Strike
1-1: Fly out, F9 (Flyball, 9LMF)
Top of the 5th over - 1 run, 1 hit, 0 errors, 0 left on base; Mississippi 2 - Mississippi State 1
BOTTOM OF THE 5TH
Mississippi State Bulldogs batting - Pitching for Mississippi Rebels : RHP Steve Manning
Batting: RHB Phil Neaves 0-0: Ball
1-0: Ground out U3 (Groundball, 34S)
Batting: RHB Norman Hudson 0-0: Reached on error, E5 (Groundball, 56S)
Batting: RHB Mike Sizemore 0-0: SINGLE (Line Drive, 9S)
Norman Hudson to third
Runner from 3rd tries for Home, SAFE, no throw
Batting: LHB Jeremy Cook 0-0: Ball
1-0: SINGLE (Flyball, 8LS)
Mike Sizemore to second
Runner from 2nd tries for 3rd, SAFE, no throw
Batting: LHB Warren Jacobus 0-0: Foul Ball, location: 2F
0-1: Ball
1-1: Ball
2-1: Foul Ball, location: 2F
2-2: Strikes out looking
Batting: RHB Tim Flynn 0-0: Called Strike
0-1: SINGLE (Line Drive, 9S)
Mike Sizemore scores
Jeremy Cook to second
Batting: LHB Ron Callaway 0-0: Called Strike
0-1: Foul Ball, location: 2F
0-2: Foul Ball, location: 2F
0-2: Foul Ball, location: 2F
0-2: Strikes out swinging
Bottom of the 5th over - 2 runs, 3 hits, 1 error, 2 left on base; Mississippi 2 - Mississippi State 3
TOP OF THE 6TH
Mississippi Rebels batting - Pitching for Mississippi State Bulldogs : RHP Chris Nutter
Batting: LHB Kody Hall 0-0: Called Strike
0-1: Foul Ball, location: 2F
0-2: Ball
1-2: Fly out, F8 (Line Drive, 8LD)
Batting: RHB Jermaine Stephens 0-0: Ball
1-0: Called Strike
1-1: Ball
2-1: Fly out, F9 (Line Drive, 89M)
Batting: SHB Matt Hahn 0-0: Ball
1-0: Fly out, F8 (Flyball, 8RS)
Top of the 6th over - 0 runs, 0 hits, 0 errors, 0 left on base; Mississippi 2 - Mississippi State 3
BOTTOM OF THE 6TH
Mississippi State Bulldogs batting - Pitching for Mississippi Rebels : RHP Steve Manning
Batting: LHB Scott Slavik 0-0: Ball
1-0: Called Strike
1-1: Ball
2-1: Ball
3-1: Foul Ball, location: 2F
3-2: Base on Balls
Batting: RHB Jared French 0-0: Ball
1-0: Bunted foul
1-1: Sac Bunt - play at first, batter OUT! 2-4
Scott Slavik to second
Batting: RHB Phil Neaves 0-0: Intentional Walk
Batting: RHB Norman Hudson 0-0: Swinging Strike
0-1: Ball
1-1: Foul Ball, location: 2F
1-2: Ball
2-2: SINGLE (Flyball, 89S)
Scott Slavik to third
Phil Neaves to second
Runner from 3rd tries for Home, SAFE, no throw
Batting: RHB Mike Sizemore 0-0: Called Strike
0-1: Ball
1-1: Ball
2-1: Grounds into double play, 1-4-3 (Groundball, 15)
Bottom of the 6th over - 1 run, 1 hit, 0 errors, 1 left on base; Mississippi 2 - Mississippi State 4
TOP OF THE 7TH
Mississippi Rebels batting - Pitching for Mississippi State Bulldogs : RHP Chris Nutter
Batting: RHB Travis Jones 0-0: SINGLE (Line Drive, 6MD)
Batting: LHB Ryan Nicholson 0-0: SINGLE (Line Drive, 7S)
Travis Jones to second
Pitching: RHP Heinrich Brown
Pinch Hitting: LHB Brian Dishner 0-0: Called Strike
0-1: Foul Ball, location: 2F
0-2: Strikes out swinging
Batting: RHB Greg Horner 0-0: Ball
1-0: Swinging Strike
1-1: Foul Ball, location: 2F
1-2: Ball
2-2: Strikes out looking
Batting: RHB Dave Elliott 0-0: Ball
1-0: Ball
2-0: Called Strike
2-1: Foul Ball, location: 2F
2-2: Strikes out looking
Top of the 7th over - 0 runs, 2 hits, 0 errors, 2 left on base; Mississippi 2 - Mississippi State 4
BOTTOM OF THE 7TH
Mississippi State Bulldogs batting - Pitching for Mississippi Rebels : RHP Steve Manning
Now at 2B: Rich Taylor
Batting: LHB Jeremy Cook 0-0: Called Strike
0-1: Ball
1-1: Fly out, F9 (Flyball, 9S)
Batting: LHB Warren Jacobus 0-0: Ball
1-0: SINGLE (Groundball, 4MD)
Batting: RHB Tim Flynn 0-0: Ball
1-0: Called Strike
1-1: Ball
2-1: Ball
3-1: Fielders Choice at 2nd, 5-4 (Groundball, 56)
Batting: LHB Ron Callaway 0-0: Called Strike
0-1: Ball
1-1: Ball
2-1: Called Strike
2-2: Ground out U3 (Groundball, 3L)
Bottom of the 7th over - 0 runs, 1 hit, 0 errors, 1 left on base; Mississippi 2 - Mississippi State 4
TOP OF THE 8TH
Mississippi Rebels batting - Pitching for Mississippi State Bulldogs : RHP Heinrich Brown
Now at 1B: Terry Drake
Now at 2B: Tony Dominguez
Batting: RHB Adam Anderson 0-0: Ball
1-0: Foul Ball, location: 2F
1-1: Foul Ball, location: 2F
1-2: Ball
2-2: Foul Ball, location: 2F
2-2: Foul Ball, location: 2F
2-2: Strikes out swinging
Batting: LHB Kody Hall 0-0: Called Strike
0-1: SINGLE (Flyball, 78S)
Batting: RHB Jermaine Stephens 0-0: Ball
1-0: Called Strike
1-1: Ball
2-1: Ball
3-1: Fly out, F7 (Flyball, 7D)
Batting: SHB Matt Hahn 0-0: Ball
1-0: Called Strike
1-1: Swinging Strike
1-2: Ball
2-2: Strikes out swinging
Top of the 8th over - 0 runs, 1 hit, 0 errors, 1 left on base; Mississippi 2 - Mississippi State 4
BOTTOM OF THE 8TH
Mississippi State Bulldogs batting - Pitching for Mississippi Rebels : RHP Steve Manning
Batting: LHB Scott Slavik 0-0: Swinging Strike
0-1: Ball
1-1: Swinging Strike
1-2: Ball
2-2: Ground out 4-3 (Groundball, 4)
Batting: RHB Jared French 0-0: Swinging Strike
0-1: Ground out 5-3 (Groundball, 56S)
Batting: RHB Phil Neaves 0-0: Called Strike
0-1: Swinging Strike
0-2: Foul Ball, location: 2F
0-2: Ball
1-2: Ball
2-2: Strikes out swinging
Bottom of the 8th over - 0 runs, 0 hits, 0 errors, 0 left on base; Mississippi 2 - Mississippi State 4
TOP OF THE 9TH
Mississippi Rebels batting - Pitching for Mississippi State Bulldogs : RHP Heinrich Brown
Batting: RHB Travis Jones 0-0: Ball
1-0: DOUBLE (Line Drive, 78D)
Batting: LHB Ryan Nicholson 0-0: Called Strike
0-1: Ball
1-1: Foul Ball, location: 2F
1-2: Foul Ball, location: 2F
1-2: Strikes out swinging
Batting: RHB Rich Taylor 0-0: Ball
1-0: Called Strike
1-1: Foul Ball, location: 2F
1-2: Strikes out swinging
Batting: RHB Greg Horner 0-0: Ground out 6-3 (Groundball, 6S)
Top of the 9th over - 0 runs, 1 hit, 0 errors, 1 left on base; Mississippi 2 - Mississippi State 4
Friday, October 27th, 2017 - OOTP Baseball 18.8 Build 76